 Dungeon Crawl Stone Soup version 0.27-a0-1502-g47ed6a6988 (webtiles) character file.

Game seed: 17784128703371154498

2649 wesbby the Spear-Bearer (level 9, -3/81 HPs)
             Began as a Minotaur Berserker on July 8, 2021.
             Was a High Priest of Trog.
             Succumbed to a water moccasin's poison
             ... on level 8 of the Dungeon.
             The game lasted 00:11:56 (6368 turns).

wesbby the Spear-Bearer (Minotaur Berserker)        Turns: 6368, Time: 00:11:56

Health: -3/81      AC: 17    Str: 25    XL:     9   Next: 36%
Magic:  8/8        EV:  6    Int:  4    God:    Trog [*****.]
Gold:   422        SH:  9    Dex: 10    Spells: 8/8 levels left

rFire    . . .     SeeInvis .   a - +0 spear
rCold    . . .     Faith    +   q - +0 kite shield
rNeg     . . .     Spirit   .   A - +0 plate armour
rPois    .         Reflect  .   (helmet unavailable)
rElec    .         Harm     .   (no cloak)
rCorr    .         Rampage  .   (no gloves)
Will     ++...                  (no boots)
Stlth    ..........             e - amulet of faith
HPRegen  1.23/turn              i - +4 ring of protection
MPRegen  0.11/turn              s - +4 ring of slaying

@: lethally poisoned (-3 -> -11), strong-willed, on berserk cooldown,
regenerating, slowed, very slow
A: horns 3, retaliatory headbutt, screaming 1, evolution 1
a: Renounce Religion, Berserk, Trog's Hand, Brothers in Arms


You were on level 8 of the Dungeon.
You worshipped Trog.
Trog was extremely pleased with you.
You visited 1 branch of the dungeon, and saw 8 of its levels.
You also visited: Sewer and Ossuary.

You collected 422 gold pieces.

Inventory:

Hand Weapons
 a - a +0 spear (weapon)
Missiles
 c - a curare-tipped dart
 f - 2 atropa-tipped darts (quivered)
Armour
 b - a +0 animal skin
 j - a +1 ring mail
 q - a +0 kite shield (worn)
 A - a +0 plate armour (worn)
Jewellery
 e - an amulet of faith (around neck)
 i - a +4 ring of protection (left hand)
 s - a +4 ring of slaying (right hand)
Wands
 h - a wand of charming (7)
 C - a wand of paralysis (8)
Scrolls
 m - a scroll of enchant armour
 n - a scroll of noise
 p - a scroll of summoning {unknown}
 v - a scroll of fear {unknown}
 z - 3 scrolls of torment {unknown}
 B - a scroll of identify
Potions
 d - 7 potions of curing
 g - 3 potions of attraction
 k - a potion of ambrosia
 o - a potion of flight
 r - a potion of magic
 u - a potion of might {unknown}
 w - a potion of degeneration {unknown}
 x - 3 potions of haste {unknown}


   Skills:
 * Level 7.9 Fighting
 * Level 10.5 Polearms
 + Level 0.6 Throwing
 * Level 8.3 Armour
 + Level 4.3 Dodging
 + Level 1.9 Shields


You had 8 spell levels left.
You didn't know any spells.
Your spell library was empty.

Dungeon Overview and Level Annotations

Branches:
Dungeon (8/15)             Temple (0/1) D:4           Sewer (visited)
Ossuary (visited)
   Lair: D:8-11

Altars:
Ashenzari
Fedhas
Gozag
Kikubaaqudgha
Nemelex Xobeh
Xom

Shops:
D:3 [


Innate Abilities, Weirdness & Mutations

You have a pair of large horns on your head.
You reflexively headbutt those who attack you in melee.
You occasionally shout uncontrollably at your foes.
You evolve.


Message History

You headbutt the water moccasin. You block the sky beast's attack.
You feel very sick.
The sky beast hits you but does no damage.
The water moccasin bites you but does no damage.
The sky beast hits you but does no damage.
You feel sick.
The water moccasin bites you but does no damage.
The sky beast flickers out of sight!
Something hits you but does no damage. The water moccasin barely misses you.
You feel sick. Something hits you but does no damage.
The water moccasin closely misses you.
You feel sick. The water moccasin barely misses you.
There is a stone staircase leading down here.
You feel sick.
You are no longer poisoned.
Something hits you.
* * * LOW HITPOINT WARNING * * *
Something shocks you.
* * * LOW HITPOINT WARNING * * *
The water moccasin bites you but does no damage.
You block something's attack.
The water moccasin bites you but does no damage.
You climb downwards.
Reactivating autopickup. 2 wights come into view.
There is a stone staircase leading up here.
Okay, then.
Okay, then.
You block the water moccasin's attack.
Your skin crawls.
You feel strong-willed. The water moccasin bites you.
* * * LOW HITPOINT WARNING * * *
You are lethally poisoned!
The water moccasin poisons you!
A sky beast appears from thin air!
The sky beast barely misses you.
The water moccasin bites you but does no damage.
You block the sky beast's attack.
Unknown command.
You die...

#....##. ......
..... ...# ..
..####...
##........
#SY.......
##....#....
#@....# .
...............#
........###.z..#
......... .z....
......... ......
......##..
...... ...... ..
... ....#. ...


You could see a water moccasin, a sky beast and 2 wights.

Vanquished Creatures
  Prince Ribbit (D:5)
  Menkaure (D:6)
  Duvessa (D:6)
  2 water moccasins
  2 sky beasts
  A black bear (D:5)
  A phantom (D:5)
  A kobold brigand (Sewer)
  7 elf zombies (Ossuary)
  A bullfrog (D:7)
  2 scorpions (D:6)
  A water moccasin skeleton (D:7)
  Dowan (D:6)
  3 wights (D:6)
  2 centaur zombies (Ossuary)
  Crazy Yiuf (D:6)
  3 hounds
  3 human zombies (Ossuary)
  An orc priest (D:3)
  A jelly (D:5)
  An iguana (D:5)
  4 orc wizards
  A killer bee zombie (D:7)
  3 mummies (Ossuary)
  5 adders
  2 river rats (Sewer)
  2 shadow imps
  2 white imps
  2 ufetubi
  4 worms
  3 dart slugs
  17 orcs
  4 ball pythons
  6 endoplasms
  3 giant cockroaches
  7 goblins
  4 hobgoblins
  6 jackals
  7 kobolds
  5 quokkas
  4 bats (D:2)
  4 frilled lizards
  8 rats
140 creatures vanquished.

Vanquished Creatures (others)
  An orc wizard (D:7)
1 creature vanquished.

Grand Total: 141 creatures vanquished

Notes
Turn   | Place    | Note
-------+----------+-------------------------------------------
     0 | D:1      | wesbby the Minotaur Berserker began the quest for the Orb.
     0 | D:1      | Reached XP level 1. HP: 19/19 MP: 0/0
   206 | D:1      | Reached skill level 4 in Polearms
   206 | D:1      | Reached XP level 2. HP: 16/27 MP: 1/1
   829 | D:2      | Reached XP level 3. HP: 26/33 MP: 2/2
   937 | D:2      | Reached ** piety under Trog
  1087 | D:2      | Found a faded altar of an unknown god.
  1091 | D:2      | You fall into a shaft and drop 2 floors!
  1741 | D:3      | Reached XP level 4. HP: 41/41 MP: 3/3
  1752 | D:3      | Reached skill level 5 in Polearms
  1807 | D:3      | Reached *** piety under Trog
  1842 | D:3      | Reached XP level 5. HP: 47/47 MP: 4/4
  2169 | D:3      | Found Qifir's Armour Emporium.
  2251 | D:3      | Gained mutation: You have a pair of large horns on your
                  | head. [potion of mutation]
  2251 | D:3      | Gained mutation: You occasionally shout uncontrollably at
                  | your foes. [potion of mutation]
  2251 | D:3      | Gained mutation: You evolve. [potion of mutation]
  2398 | D:4      | Found a broken altar of Ashenzari.
  2433 | D:4      | Reached skill level 5 in Fighting
  2924 | D:4      | Found a staircase to the Ecumenical Temple.
  3131 | D:5      | Entered Level 5 of the Dungeon
  3131 | D:5      | Noticed a phantom
  3136 | D:5      | Reached skill level 6 in Polearms
  3147 | D:5      | Killed a phantom
  3148 | D:5      | Reached XP level 6. HP: 31/56 MP: 5/5
  3341 | D:5      | Noticed Prince Ribbit
  3648 | D:5      | Found a glowing drain.
  3680 | Sewer    | Entered a sewer
  3811 | Sewer    | Reached **** piety under Trog
  3820 | Sewer    | Reached skill level 7 in Polearms
  3820 | Sewer    | Reached skill level 5 in Armour
  3820 | Sewer    | Reached XP level 7. HP: 55/61 MP: 6/6
  3989 | Sewer    | Found a white marble altar of Elyvilon.
  4159 | D:5      | Killed Prince Ribbit
  4752 | D:6      | Reached skill level 8 in Polearms
  4752 | D:6      | Reached XP level 8. HP: 9/71 MP: 7/7
  4913 | D:6      | Noticed Dowan
  4921 | D:6      | Killed Dowan
  4921 | D:6      | Noticed Duvessa
  4931 | D:6      | Killed Duvessa
  5175 | D:6      | Found a sand-covered staircase.
  5180 | Ossuary  | Entered an ossuary
  5277 | Ossuary  | Reached skill level 9 in Polearms
  5366 | Ossuary  | Reached skill level 1 in Shields
  5375 | Ossuary  | Reached XP level 9. HP: 74/79 MP: 8/8
  5448 | D:6      | Noticed Menkaure
  5457 | D:6      | Killed Menkaure
  5759 | D:6      | Reached skill level 10 in Polearms
  5870 | D:6      | Found a runed translucent door.
  5871 | D:6      | Noticed Crazy Yiuf
  5877 | D:6      | Killed Crazy Yiuf
  6059 | D:7      | Reached ***** piety under Trog
  6245 | D:7      | Found an opulent altar of Gozag.
  6245 | D:7      | Found a sparkling altar of Nemelex Xobeh.
  6254 | D:7      | Found a blossoming altar of Fedhas.
  6256 | D:7      | Found a shimmering altar of Xom.
  6258 | D:7      | Found an ancient bone altar of Kikubaaqudgha.
  6355 | D:7      | Received a gift from Trog
  6364 | D:7      | HP: 1/81 [something (6)]
  6368 | D:8      | Succumbed to a water moccasin's poison

Illustrated notes

Levels and vault maps discovered:
D:1:      wander_arrival_lonely_grave, layout_rooms, grunt_decor_resistance,
          minmay_misc_feat_doors, minivault_23, dk_noncrumbling_4
D:2:      layout_loops_cross, hellmonk_ecumenical_altar_blasted,
          minmay_splitting_lines, minmay_bisected
D:3:      layout_basic, serial_shops, shop_statue
D:4:      layout_gridville, ashenzari_conservatory_becter,
          minmay_temple_entry_from_below_a
D:5:      layout_rooms, cheibrodos_sewer_entry_bend, minmay_misc_feat_five,
          uniq_prince_ribbit1
D:6:      layout_rooms, nicolae_ossuary_entry_plus, lemuel_another_geyser,
          uniq_duvessa, uniq_menkaure, uniq_crazy_yiuf_cottage
D:7:      layout_loops_ring, chequers_temple_overflow_minitemple
D:8:      layout_cave_pools, serial_shops, kennysheep_mini_moat

Skill      XL: |  1  2  3  4  5  6  7  8  9 |
---------------+----------------------------+-----
Polearms       | 4 5 6 7 8 9 10 | 10.5
Fighting       | 4 5 6 7 |  7.9
Armour         | 3 4 5 6 7 8 |  8.3
Dodging        | 3 4 |  4.3
Shields        | 1 |  1.9
Throwing       | |  0.6

Action                   |  1- 3 |  4- 6 |  7- 9 || total
-------------------------+-------+-------+-------++-------
Melee: Spear             |   110 |   147 |   217 ||   474
       Headbutt          |    16 |    21 |    39 ||    76
Throw: Dart              |       |     2 |       ||     2
Invok: Berserk           |       |     6 |     9 ||    15
       Trog's Hand       |       |       |     1 ||     1
  Use: Scroll            |     3 |     5 |     6 ||    14
       Potion            |       |     3 |     5 ||     8
 Stab: Sleeping          |     1 |       |       ||     1
Armor: Animal skin       |     2 |       |       ||     2
       Ring mail         |    16 |    21 |    40 ||    77
       Plate armour      |       |       |    42 ||    42
Dodge: Dodged            |    36 |    42 |    76 ||   154
Block: Kite shield       |       |       |    62 ||    62

Table legend: (Time is in decaauts)
 A = Elapsed time spent in this place.
 B = Non-inter-level travel time spent in this place.
 C = Inter-level travel time spent in this place.
 D = Time resting spent in this place.
 E = Time spent auto-exploring this place.
 F = Levels seen in this place.
 G = Mean time per level.
                   A        B        C        D        E       F      G
               +--------+--------+--------+--------+--------+-----+--------+
         Total |   6469 |   5985 |    484 |   1268 |   3772 |  10 |  646.9 |
       Dungeon |   5775 |   5291 |    484 |   1073 |   3545 |   8 |  721.9 |
         Sewer |    440 |    440 |      0 |    160 |    173 |   1 |  440.0 |
       Ossuary |    253 |    253 |      0 |     35 |     54 |   1 |  253.0 |
               +--------+--------+--------+--------+--------+-----+--------+

Top non-repeatable levels by time:
     D:6: 1159 daAuts
     D:4: 985 daAuts
     D:3: 963 daAuts
     D:5: 904 daAuts
     D:2: 776 daAuts
     D:1: 626 daAuts
   Sewer: 440 daAuts
     D:7: 355 daAuts
 Ossuary: 253 daAuts
     D:8: 4 daAuts
